 Dungeon Crawl Stone Soup version 0.25.0-9-g26727b657a (webtiles) character file.

Game seed: 3728049753927364672

39 Esekla the Slasher (level 3, 0/30 HPs)
             Began as a Barachi Chaos Knight on June 21, 2020.
             Was a Plaything of Xom.
             Slain by a hobgoblin
             ... wielding a +0 club
              (4 damage)
             ... on level 2 of the Dungeon.
             The game lasted 00:04:58 (955 turns).

Esekla the Slasher (Barachi Chaos Knight)            Turns: 955, Time: 00:04:59

Health: 0/30       AC:  5    Str: 13    XL:     3   Next: 47%
Magic:  3/3        EV: 11    Int: 12    God:    Xom [..*...]
Gold:   79         SH:  0    Dex: 12    Spells: 2/2 levels left

rFire    . . .     SeeInvis .   a - +0 falchion (chaos)
rCold    . . .     Gourm    .   (no shield)
rNeg     . . .     Faith    .   b - +2 leather armour
rPois    .         Spirit   .   (no helmet)
rElec    .         Reflect  .   (no cloak)
rCorr    .         Harm     .   (no gloves)
MR       .....                  (no boots)
Stlth    +.........             (no amulet)
HPRegen  0.10/turn              (no ring)
MPRegen  0.08/turn              (no ring)

@: slow
A: +LOS, swims, slowness 1, strong legs 1
a: Hop, Renounce Religion


You were on level 2 of the Dungeon.
You worshipped Xom.
You were a toy of Xom.
You were hungry.

You visited 1 branch of the dungeon, and saw 2 of its levels.

You collected 79 gold pieces.

Inventory:

Hand Weapons
 a - a +0 falchion of chaos (weapon)
Missiles
 l - 10 poisoned darts (quivered)
Armour
 b - a +2 leather armour (worn)
Scrolls
 d - 3 scrolls of identify {unknown}
 e - a scroll of blinking {unknown}
 h - a scroll of fog {unknown}
 j - a scroll of remove curse {unknown}
 m - a scroll of immolation {unknown}
Potions
 f - a potion of curing {unknown}
 g - a potion of resistance {unknown}
 i - a potion of haste {unknown}
Comestibles
 c - 4 rations


   Skills:
 * Level 4.2 Fighting
 * Level 4.3 Long Blades
 * Level 3.2 Armour
 + Level 1.2 Dodging


You had 2 spell levels left.
You didn't know any spells.
Your spell library was empty.

Dungeon Overview and Level Annotations

Branches:
Dungeon (2/15)

Altars:


Innate Abilities, Weirdness & Mutations

You can be seen from farther away. (+LOS)
You can swim through water.
You cover ground slowly.
You can hop short distances.


Message History

The kobold closely misses you.
You hit the kobold.
You kill the kobold!
You see here a kobold corpse.
A quokka comes into view.
A hobgoblin comes into view. It is wielding a +0 club.
The hobgoblin shouts!
The quokka bites you. The hobgoblin hits you with a +0 club.
Found 2 fuming emerald potions and 16 gold pieces.
You barely miss the quokka. The quokka bites you.
The hobgoblin hits you but does no damage.
The quokka bites you.
You completely miss the quokka. The quokka bites you.
The hobgoblin hits you with a +0 club.
* * * LOW HITPOINT WARNING * * *
You hit the hobgoblin but do no damage. The quokka bites you.
* * * LOW HITPOINT WARNING * * *
The hobgoblin hits you with a +0 club.
You die... "It was about time."

... . ... .. ... #. ...
#$ ...## ##!#
#...#####.###...
..#....# #......#
#...##.#
#..g##############
##†###.#
#..r@............. .#.#
#.# #..######..#######
#..###.######..######..#
#..<...................#
#..##########.#######†##
..............# #.#
#.###.........# #(# ..
#)#####...# #(# ..###.#
###.>.### #(#


You could see a quokka and a hobgoblin.

Vanquished Creatures
  An adder (D:2)
  An ooze (D:1)
  A leopard gecko (D:1)
  3 bats
  4 hobgoblins (D:1)
  2 jackals (D:1)
  3 frilled lizards (D:1)
  5 goblins
  3 kobolds
  A rat (D:1)
24 creatures vanquished.

Notes
Turn   | Place    | Note
-------+----------+-------------------------------------------
     0 | D:1      | Esekla the Barachi Chaos Knight began the quest for the
                  | Orb.
     0 | D:1      | Reached XP level 1. HP: 18/18 MP: 1/1
     0 | D:1      | XOM: divination: detect creatures
    37 | D:1      | XOM: butterfly on damage
    74 | D:1      | XOM: divination: detect creatures
   112 | D:1      | XOM: potion effect (curing)
   116 | D:1      | Reached XP level 2. HP: 24/25 MP: 2/2
   183 | D:1      | XOM: silly message
   459 | D:1      | XOM: cast spell 'Summon Butterflies'
   593 | D:1      | Reached XP level 3. HP: 30/30 MP: 3/3
   691 | D:1      | XOM: silly message
   955 | D:2      | Slain by a hobgoblin

Illustrated notes

Levels and vault maps discovered:
D:1:      minmay_arrival_solitary_statue, layout_loops_ring, serial_forest,
          infiniplex_forest_lined_room_, infiniplex_forest_split,
          infiniplex_forest_clump_double, infiniplex_forest_end_double,
          infiniplex_forest_lined_3_way, infiniplex_forest_fountain,
          infiniplex_forest_lined_2, infiniplex_forest_lined_room_2
D:2:      layout_loops_ring, cheibriados_altar_1

Skill      XL: |  1  2 |
---------------+-------+-----
Long Blades    | 4 |  4.3
Armour         | 3 |  3.2
Fighting       | 4 |  4.2
Dodging        | |  1.2

Action                   || total
-------------------------++-------
Melee: Falchion          ||    70
Armor: Leather armour    ||    26
Dodge: Dodged            ||    56
       Rpst.: Falchion   ||    16
